Map: Shrines of Lizul

Players

OpuS

  • Race: Protoss Protoss
  • League: Platinum
  • Spawn Location: 12:00

Sketchaphone

  • Race: Zerg Zerg
  • League: Platinum
  • Spawn Location: 3:00

CaberToss - Winner!

  • Race: Protoss Protoss
  • Spawn Location: 9:00

DepthCharge - Winner!

  • Race: Zerg Zerg
  • Spawn Location: 6:00

VOD

Have the link to the VOD?

Description

Time

  • Played on: Feb. 16, 2019, 9:40 p.m.
  • Length: 6:16
Show
View Real Time Build Order
Export as new Build Order

OpuS Protoss 

Build Orders:  

Get SALT Encoding   

  12  0:01  Probe  
  13  0:13  Probe  
  14  0:20  Pylon  
  14  0:25  Probe  
  15  0:38  Probe  
  15  0:40  Gateway  
  16  0:47  Probe  
  16  0:56  Probe  
  17  0:57  Assimilator  
  17  1:01  Assimilator  
  18  1:05  Probe  
  19  1:11  Gateway  
  19  1:14  Probe  
  20  1:22  Probe  
  20  1:31  Zealot  
  23  1:38  Pylon  
  23  1:44  Cybernetics Core  
  23  1:51  Probe  
  23  2:01  Zealot  
  23  2:03  Probe  
  26  2:11  Pylon, Warp Gate  
  26  2:15  Probe  
  27  2:18  Zealot  
  29  2:35  Twilight Council  
  29  2:37  Probe  
  29  2:40  Sentry  
  32  2:46  Pylon  
  32  2:53  Gateway  
  34  2:58  Sentry  
  34  2:59  Charge  
  34  3:00  Probe  
  35  3:09  Gateway  
  35  3:13  Sentry  
  39  3:31  Shield Battery  
  39  3:33  Pylon  
  37  3:38  Adept  
  39  3:45  Adept  
  41  3:50  Adept  
  43  4:06  Stalker  
  45  4:23  Stalker  
  47  4:24  Stalker  
  47  4:28  Stalker  
  49  4:56  Zealot x4  
  53  5:24  Nexus  
  47  5:45  Zealot x4  
  41  5:52  Pylon  
  41  6:09  Adept  
  41  6:10  Adept x3  
Show
View Real Time Build Order
Export as new Build Order

Sketchaphone Zerg 

Build Orders: Pool First 

Get SALT Encoding   

  12  0:01  Drone  
  13  0:12  Drone  
  14  0:17  Overlord  
  14  0:36  Drone x3  
  17  0:52  Spawning Pool  
  16  1:10  Hatchery  
  15  1:15  Drone  
  15  1:16  Drone  
  17  1:20  Extractor  
  17  1:21  Drone  
  17  1:40  Zergling x4, Spine Crawler  
  17  1:46  Queen  
  20  1:58  Overlord  
  20  2:00  Zergling x2  
  21  2:09  Drone  
  22  2:23  Drone  
  22  2:24  Drone  
  24  2:35  Drone x2  
  26  2:48  Roach Warren  
  25  2:52  Spine Crawler  
  25  2:55  Drone  
  25  2:59  Drone  
  25  3:03  Drone x2  
  28  3:06  Drone  
  29  3:16  Metabolic Boost  
  29  3:27  Hatchery  
  29  3:29  Roach  
  29  3:33  Roach  
  31  3:44  Spine Crawler  
  31  3:46  Roach  
  31  3:48  Overlord  
  23  4:09  Roach x3  
  20  4:18  Roach  
  22  4:27  Zergling x2, Roach  
  25  4:37  Roach  
  27  4:50  Roach  
  19  4:55  Roach  
  19  4:56  Zergling x4  
  19  4:57  Zergling x2  
Show
View Real Time Build Order
Export as new Build Order

CaberToss Protoss - Winner!

Build Orders:  

Get SALT Encoding   

  12  0:02  Probe  
  13  0:14  Probe  
  14  0:19  Pylon  
  14  0:26  Probe  
  15  0:38  Probe  
  16  0:44  Gateway  
  16  0:50  Probe  
  17  1:02  Probe  
  18  1:13  Assimilator  
  18  1:14  Probe  
  19  1:20  Pylon  
  19  1:21  Assimilator  
  19  1:26  Probe  
  20  1:34  Cybernetics Core  
  20  1:44  Gateway  
  20  1:45  Zealot  
  22  1:59  Warp Gate  
  22  2:05  Pylon  
  22  2:16  Stalker  
  24  2:29  Gateway  
  24  2:32  Gateway  
  24  2:37  Stalker  
  24  2:38  Probe  
  27  2:52  Stalker  
  29  3:08  Pylon  
  29  3:11  Adept  
  31  3:16  Adept  
  35  3:20  Sentry  
  35  3:27  Stalker  
  35  3:33  Probe  
  38  3:45  Twilight Council  
  38  4:19  Stalker x4  
  46  4:32  Robotics Facility  
  38  5:11  Stalker x2  
  38  5:12  Stalker x2  
  46  5:58  Forge  
  46  6:03  Pylon  
  46  6:08  Pylon  
Show
View Real Time Build Order
Export as new Build Order

DepthCharge Zerg - Winner!

Build Orders: Pool First 

Get SALT Encoding   

  12  0:01  Drone  
  13  0:08  Drone  
  14  0:31  Spawning Pool  
  14  0:33  Drone  
  14  0:38  Extractor  
  14  0:42  Drone  
  14  0:45  Overlord  
  14  1:07  Drone x3  
  17  1:20  Zergling x2  
  18  1:32  Zergling x2  
  19  1:40  Zergling x2  
  20  1:48  Metabolic Boost  
  20  1:52  Zergling x2  
  21  2:03  Queen, Hatchery  
  22  2:19  Baneling Nest  
  22  2:22  Drone  
  22  2:52  Overlord  
  22  2:54  Overlord  
  22  3:11  Zergling x4  
  22  3:12  Zergling x2  
  25  3:13  Zergling x4  
  25  3:15  Queen  
  29  3:25  Zergling x2  
  29  3:26  Zergling x2  
  31  3:46  Baneling x2  
  30  3:57  Zergling x6  
  30  3:58  Zergling x10  
  34  4:09  Zergling x4  
  36  4:15  Zergling x2  
  35  4:23  Zergling x2  
  36  4:38  Zergling x6  
  25  5:07  Zergling x6  
  25  5:08  Zergling x10  
  28  5:23  Zergling x8  
  28  5:24  Zergling x2  
  32  5:28  Zergling x2  
  33  5:40  Zergling x6  
  35  5:52  Drone x2, Spawning Pool  
Tags
 
Add a new tag
Caveats
  • Supply blocks, unpowered buildings, or Contaminate may cause inaccurate times.
  • Supply counts are checked every 10 seconds.